 Dungeon Crawl Stone Soup version 0.29-a0-982-gaed3a0c8d8 (webtiles) character file.

Game seed: 12021575536059931615

5282 tzalcoatl the Protected (level 10, -6/76 HPs)
             Began as a Gnoll Wanderer on Dec 30, 2021.
             Was an Initiate of Yredelemnul.
             Killed from afar by an electric eel (10 damage)
             ... with a bolt of electricity
             ... in a bailey on Aug 1, 2022.
             The game lasted 00:45:13 (10628 turns).

tzalcoatl the Protected (Gnoll Wanderer)           Turns: 10628, Time: 00:45:14

Health: -6/76      AC: 12    Str: 16    XL:     10   Next: 63%
Magic:  19/19      EV:  8    Int: 12    God:    Yredelemnul [......]
Gold:   335        SH:  0    Dex: 11    Spells: 18/21 levels left

rFire   . . .      SeeInvis .   c - +0 sling (vorpal)
rCold   . . .      Faith    .   (no shield)
rNeg    . . .      Spirit   .   s - +0 chain mail
rPois   .          Reflect  .   e - +0 helmet
rElec   .          Harm     .   (no cloak)
rCorr   .          Rampage  .   (no gloves)
Will    +....                   (no boots)
Stlth   ..........              (no amulet)
HPRegen 0.22/turn               l - ring of willpower
MPRegen 0.16/turn               (no ring)

@: studying Fire Magic
A: fangs 1, strong nose, distributed training
a: Renounce Religion, Recall Undead Harvest


You were in a bailey.
You worshipped Yredelemnul.
Yredelemnul was noncommittal.
You visited 2 branches of the dungeon, and saw 10 of its levels.
You also visited: Bailey.

You collected 419 gold pieces.
You spent 84 gold pieces at shops.

Inventory:

Hand Weapons
 a - a +3 battleaxe of flaming
 b - a +4 falchion
 c - a +0 vorpal sling (weapon)
 x - a +4 spear of freezing
Missiles
 d - 279 stones
 i - 67 sling bullets
 m - 32 poisoned darts
Armour
 e - a +0 helmet (worn)
 j - +0 steam dragon scales
 k - a +0 hat of willpower
 p - a +2 chain mail of willpower
 s - a +0 chain mail (worn)
Jewellery
 l - a ring of willpower (left hand)
Scrolls
 f - 4 scrolls of blinking
 h - 4 scrolls of teleportation
 o - 2 scrolls of fog
 r - 2 scrolls of enchant armour
Potions
 g - 2 potions of brilliance
 n - 2 potions of mutation
 q - a potion of might
 t - a potion of ambrosia {unknown}
 u - 2 potions of flight {unknown}
 w - a potion of magic {unknown}


   Skills:
 + Level 6.2 Fighting
 + Level 5.5 Short Blades
 + Level 5.5 Long Blades
 + Level 5.5 Axes
 + Level 5.5 Maces & Flails
 + Level 5.5 Polearms
 + Level 5.5 Staves
 + Level 5.5 Ranged Weapons
 + Level 5.5 Throwing
 + Level 8.7 Armour
 + Level 5.5 Dodging
 + Level 5.5 Stealth
 + Level 5.5 Shields
 + Level 5.5 Unarmed Combat
 + Level 6.3 Spellcasting
 + Level 4.6 Conjurations
 + Level 4.6 Hexes
 + Level 4.6 Summonings
 + Level 4.6 Necromancy
 + Level 4.6 Translocations
 + Level 4.6 Transmutations
 + Level 5.8 Fire Magic
 + Level 4.6 Ice Magic
 + Level 4.6 Air Magic
 + Level 6.0 Earth Magic
 + Level 4.6 Poison Magic
 + Level 6.1 Invocations
 + Level 5.5 Evocations


You had 18 spell levels left.
You knew the following spells:

 Your Spells              Type           Power      Damage    Failure   Level
a - Sandblast             Erth           36%        2d10      17%         1
b - Passwall              Tmut/Erth      13%        N/A       34%         2

Your spell library contained the following spells:

 Spells                   Type           Power      Damage    Failure   Level
 Stone Arrow              Conj/Erth      32%        3d9       56%         3
 Swiftness                Air            14%        N/A       67%         3
 Petrify                  Tmut/Erth      16%        N/A       93%         4
 Metabolic Englaciation   Hex/Ice        7%         N/A       100%        5
 Statue Form              Tmut/Erth      10%        N/A       100%        6


Dungeon Overview and Level Annotations

Branches:
Dungeon (9/15)             Temple (1/1) D:7          Bailey (1/1)
   Lair: D:8-11         Orc: D:9-12

Altars:
Ashenzari
Cheibriados
Dithmenos
Elyvilon
Gozag
Hepliaklqana
Kikubaaqudgha
Makhleb
Nemelex Xobeh
Okawaru
Qazlal
Ru
Sif Muna
Trog
Uskayaw
Vehumet
Wu Jian
Xom
Yredelemnul
Zin

Shops:
D:3 :?(?(   D:4 :


Innate Abilities, Weirdness & Mutations

You have very sharp teeth.
Your uncanny sense of smell can sniff out nearby items.
Your experience applies equally to all skills.


Message History

Press: ? - help, Q - select action, (/) - cycle Shift-Dir - straight line, f/p - electric eel
Aim: an electric eel (water, severely wounded, 40% to hit)
You shoot a sling bullet.
The sling bullet closely misses the electric eel.
The electric eel shoots out a bolt of lightning at you!
The bolt of electricity hits you.
Fire: c) +0 sling (vorpal)
Press: ? - help, Q - select action, (/) - cycle Shift-Dir - straight line, f/p - electric eel
Aim: an electric eel (water, severely wounded, 40% to hit)
You shoot a sling bullet.
The sling bullet barely misses the electric eel.
The electric eel shoots out a bolt of lightning at you!
The bolt of electricity hits you!
* * * LOW HITPOINT WARNING * * *
Fire: c) +0 sling (vorpal)
Press: ? - help, Q - select action, (/) - cycle Shift-Dir - straight line, f/p - electric eel
Aim: an electric eel (water, severely wounded, 40% to hit)
You shoot a sling bullet.
The sling bullet closely misses the electric eel.
Fire: c) +0 sling (vorpal)
Press: ? - help, Q - select action, (/) - cycle Shift-Dir - straight line, f/p - electric eel
Aim: an electric eel (water, severely wounded, 40% to hit)
You shoot a sling bullet.
The sling bullet hits the electric eel but does no damage.
The electric eel is severely wounded.
The electric eel shoots out a bolt of lightning at you!
The bolt of electricity hits you!
* * * LOW HITPOINT WARNING * * *
The electric eel shoots out a bolt of lightning at you!
The bolt of electricity hits you!
* * * LOW HITPOINT WARNING * * *
Fire: c) +0 sling (vorpal)
Press: ? - help, Q - select action, (/) - cycle Shift-Dir - straight line, f/p - electric eel
Aim: an electric eel (water, severely wounded, 40% to hit)
You shoot a sling bullet.
The sling bullet barely misses the electric eel.
The electric eel shoots out a bolt of lightning at you!
The bolt of electricity hits you!
You die...
Your body rises from the dead as a mindless zombie.

≈≈≈≈≈...≈≈≈≈≈
≈≈≈≈≈...S≈≈≈≈
≈.........≈
#.......#
#.......#
#.......#
#...∩...#
#.@.....#
###...###
#.∩.# #####


You could see an electric eel.

Vanquished Creatures
  Gastronok (D:8)
  A two-headed ogre (D:7)
  3 steam dragons
  Grum (D:8)
  Menkaure (D:7)
  4 water moccasins
  An orc warrior (D:8)
  3 ice beasts
  A sky beast (D:8)
  An ogre (D:6)
  A centaur (D:7)
  3 wolves (D:8)
  2 phantoms (D:6)
  A kobold brigand (D:7)
  A bullfrog (D:8)
  Blork the orc (D:5)
  3 scorpions
  7 wights (D:8)
  A water moccasin skeleton (D:5)
  A centaur zombie (D:5)
  A bullfrog zombie (D:4)
  3 jellies
  A bullfrog skeleton (D:6)
  2 orc priests (D:8)
  A centaur skeleton (D:4)
  3 iguanas
  4 orc wizards
  A killer bee zombie (D:7)
  A hound zombie (D:5)
  2 howler monkey zombies (D:7)
  8 adders
  2 shadow imps
  2 white imps (D:7)
  4 worms
  A dart slug (D:2)
  19 orcs
  5 ball pythons
  4 endoplasms
  A giant cockroach (D:2)
  6 goblins
  7 hobgoblins
  5 jackals (D:2)
  2 quokkas
  2 bats
  3 frilled lizards
  4 kobolds
  2 rats (D:2)
134 creatures vanquished.

Vanquished Creatures (collateral kills)
  A bullfrog (D:8)
  A wight (D:8)
  An orc wizard (D:8)
  An orc (D:8)
  A goblin (D:9)
5 creatures vanquished.

Vanquished Creatures (others)
  An elephant slug zombie (D:8)
  2 wolf zombies (D:8)
  A bullfrog zombie (D:8)
  An ice beast zombie (D:8)
  A steam dragon zombie (D:8)
  A spectral white imp (D:7)
  9 orc zombies (D:8)
16 creatures vanquished.

Grand Total: 155 creatures vanquished

Notes
Turn   | Place    | Note
-------+----------+-------------------------------------------
     0 | D:1      | tzalcoatl the Gnoll Wanderer began the quest for the Orb.
     0 | D:1      | tzalcoatl set off with the following items: a +0 vorpal
                  | hunting sling, 19 sling bullets, a +0 ring mail, 37 stones;
                  | and the following spell memorised: Sandblast; and the
                  | following spells available to memorise: Stone Arrow
     0 | D:1      | Reached XP level 1. HP: 17/17 MP: 4/4
   201 | D:1      | Found a faded altar of an unknown god.
   502 | D:2      | Reached XP level 2. HP: 23/23 MP: 5/5
   774 | D:2      | Reached XP level 3. HP: 25/28 MP: 7/7
   854 | D:2      | Noticed a scorpion
   861 | D:2      | Killed a scorpion
   862 | D:2      | Reached skill level 1 in Short Blades
   862 | D:2      | Reached skill level 1 in Long Blades
   862 | D:2      | Reached skill level 1 in Axes
   862 | D:2      | Reached skill level 1 in Maces & Flails
   862 | D:2      | Reached skill level 1 in Polearms
   862 | D:2      | Reached skill level 1 in Staves
   862 | D:2      | Reached skill level 1 in Ranged Weapons
   862 | D:2      | Reached skill level 1 in Crossbows
   862 | D:2      | Reached skill level 1 in Throwing
   862 | D:2      | Reached skill level 1 in Dodging
   862 | D:2      | Reached skill level 1 in Stealth
   862 | D:2      | Reached skill level 1 in Shields
   862 | D:2      | Reached skill level 1 in Unarmed Combat
   862 | D:2      | Reached skill level 1 in Invocations
   862 | D:2      | Reached skill level 1 in Evocations
   862 | D:2      | Reached XP level 4. HP: 34/34 MP: 8/8
   958 | D:2      | Reached skill level 1 in Conjurations
   958 | D:2      | Reached skill level 1 in Hexes
   958 | D:2      | Reached skill level 1 in Summonings
   958 | D:2      | Reached skill level 1 in Necromancy
   958 | D:2      | Reached skill level 1 in Translocations
   958 | D:2      | Reached skill level 1 in Transmutations
   958 | D:2      | Reached skill level 1 in Fire Magic
   958 | D:2      | Reached skill level 1 in Ice Magic
   958 | D:2      | Reached skill level 1 in Air Magic
   958 | D:2      | Reached skill level 1 in Poison Magic
  1196 | D:2      | Found a shimmering blue altar of Sif Muna.
  1667 | D:3      | Found Isimoid's Weapon Shop.
  1752 | D:3      | Reached XP level 5. HP: 31/40 MP: 9/9
  1833 | D:3      | Found Ebbescha's Magic Scroll Shop.
  1836 | D:3      | Bought a scroll of identify for 20 gold pieces
  1836 | D:3      | Bought a scroll of identify for 20 gold pieces
  1836 | D:3      | Bought a scroll of fog for 20 gold pieces
  1844 | D:3      | Found Aczavaw's Book Boutique.
  1986 | D:3      | Found Mamp's Weapon Shop.
  2258 | D:3      | Found Fiecaoq's Magic Scroll Shoppe.
  2267 | D:3      | Bought a scroll of identify for 24 gold pieces
  2973 | D:4      | Noticed a steam dragon
  2985 | D:4      | Killed a steam dragon
  2986 | D:4      | Reached XP level 6. HP: 11/47 MP: 9/11
  3574 | D:4      | Found Caiv's Book Emporium.
  3867 | D:5      | Entered Level 5 of the Dungeon
  3870 | D:5      | Noticed a water moccasin
  3889 | D:5      | Killed a water moccasin
  3890 | D:5      | Reached skill level 7 in Slings
  3890 | D:5      | Reached XP level 7. HP: 33/52 MP: 12/12
  4024 | D:5      | Noticed Blork the orc
  4035 | D:5      | Killed Blork the orc
  4085 | D:5      | Found a hazy altar of Hepliaklqana.
  4106 | D:5      | Found an opulent altar of Gozag.
  4128 | D:5      | Found a shadowy altar of Dithmenos.
  4208 | D:5      | Found an ancient bone altar of Kikubaaqudgha.
  4226 | D:5      | Found a shimmering blue altar of Sif Muna.
  4569 | D:6      | Reached XP level 8. HP: 26/60 MP: 14/14
  5600 | D:6      | Learned a level 2 spell: Passwall
  6168 | D:7      | Reached skill level 5 in Earth Magic
  6168 | D:7      | Reached XP level 9. HP: 65/66 MP: 16/16
  6215 | D:7      | HP: 2/66 [water moccasin (7)]
  6756 | D:7      | Found a staircase to the Ecumenical Temple.
  6790 | D:7      | Noticed Menkaure
  6814 | Temple   | Entered the Ecumenical Temple
  7054 | Temple   | Reached skill level 9 in Slings
  7054 | Temple   | Upgraded the game from 0.28-a0-1356-g2ad6d04315 to
                  | 0.29-a0-982-gaed3a0c8d8
  7080 | Temple   | Became a worshipper of Yredelemnul the Dark
  7320 | D:7      | Noticed a two-headed ogre
  7347 | D:7      | Killed a two-headed ogre
  7348 | D:7      | Reached skill level 5 in Fighting
  7348 | D:7      | Reached skill level 5 in Spellcasting
  8348 | D:7      | Killed Menkaure
  8349 | D:7      | Reached skill level 5 in Invocations
  8587 | D:8      | Noticed Grum
  8596 | D:8      | Killed Grum
  8927 | D:8      | Noticed Gastronok
  8941 | D:8      | Killed Gastronok
  8942 | D:8      | Reached skill level 5 in Short Blades
  8942 | D:8      | Reached skill level 5 in Long Blades
  8942 | D:8      | Reached skill level 5 in Axes
  8942 | D:8      | Reached skill level 5 in Maces & Flails
  8942 | D:8      | Reached skill level 5 in Polearms
  8942 | D:8      | Reached skill level 5 in Staves
  8942 | D:8      | Reached skill level 5 in Ranged Weapons
  8942 | D:8      | Reached skill level 5 in Throwing
  8942 | D:8      | Reached skill level 5 in Dodging
  8942 | D:8      | Reached skill level 5 in Stealth
  8942 | D:8      | Reached skill level 5 in Shields
  8942 | D:8      | Reached skill level 5 in Unarmed Combat
  8942 | D:8      | Reached skill level 5 in Fire Magic
  8942 | D:8      | Reached skill level 5 in Evocations
  8942 | D:8      | Reached XP level 10. HP: 56/76 MP: 17/19
  8942 | D:8      | Reached * piety under Yredelemnul
  8942 | D:8      | Reached ** piety under Yredelemnul
  8951 | D:8      | Your ally Gastronok died
 10195 | D:8      | HP: 3/76 [orc warrior/+0 halberd (14)]
 10594 | D:9      | Found a flagged portal.
 10608 | Bailey   | Entered a bailey
 10628 | Bailey   | Killed from afar by an electric eel

Illustrated notes

Levels and vault maps discovered:
D:1:      dpeg_arrival_windows_large_door, layout_rooms,
          shapermc_ecumenical_altar_acropolis
D:2:      layout_loops_corners, basic_altar
D:3:      layout_loops_ring, serial_shops, shop, nicolae_shop_trees,
          nicolae_lakefront_shop, shop, nicolae_shop_bloodbath_and_beyond,
          uniq_crazy_yiuf_cottage
D:4:      cheibrodos_barr_body, layout_basic, serial_shops, nicolae_diamond_shop
D:5:      layout_rooms, lemuel_doored_altar, mainiacjoe_overflow_catwalk,
          mainiacjoe_overflow_alcove_1, mainiacjoe_overflow_catwalk_spiral,
          skrybe_limestone_x, uniq_blork_the_orc
D:6:      layout_basic, minmay_manual_mandibuliform
D:7:      layout_basic, temple_statues, st_stairs_11, small_statue_intersection,
          uniq_menkaure
D:8:      layout_basic, uniq_grum, uniq_gastronok
D:9:      minmay_slanted_spiral_squares, layout_basic,
          mainiacjoe_overflow_boulevard, enter_bailey_3, gammafunk_ghost_grave,
          minmay_increasing_density
Temple:   regret_index_temple_generic_petals
Bailey:   bailey_axe_of_yendor_kennysheep, bailey

Skill      XL: |  1  2  3  4  5  6  7  8  9 10 |
---------------+-------------------------------+-----
Short Blades   | 1 2 3 5 |  5.5
Long Blades    | 1 2 3 5 |  5.5
Axes           | 1 2 3 5 |  5.5
Maces & Flails | 1 2 3 5 |  5.5
Polearms       | 1 2 3 5 |  5.5
Staves         | 1 2 3 5 |  5.5
Ranged Weapons | 1 2 3 5 |  5.5
Crossbows      | 1 2 3 |  0.0
Throwing       | 1 2 3 5 |  5.5
Dodging        | 1 2 3 5 |  5.5
Stealth        | 1 2 3 5 |  5.5
Shields        | 1 2 3 5 |  5.5
Unarmed Combat | 1 2 3 5 |  5.5
Spellcasting   | 3 4 6 |  6.3
Invocations    | 1 2 3 4 5 6 |  6.1
Evocations     | 1 2 3 5 |  5.5
Conjurations   | 1 2 3 4 |  4.6
Hexes          | 1 2 3 4 |  4.6
Summonings     | 1 2 3 4 |  4.6
Necromancy     | 1 2 3 4 |  4.6
Translocations | 1 2 3 4 |  4.6
Transmutations | 1 2 3 4 |  4.6
Fire Magic     | 1 2 3 5 |  5.8
Ice Magic      | 1 2 3 4 |  4.6
Air Magic      | 1 2 3 4 |  4.6
Poison Magic   | 1 2 3 4 |  4.6
Fighting       | 3 4 5 6 |  6.2
Earth Magic    | 4 5 6 |  6.0
Slings         | 7 9 |  0.0
Armour         | 7 8 |  8.7

Action                   |  1- 3 |  4- 6 |  7- 9 | 10-12 || total
-------------------------+-------+-------+-------+-------++-------
Melee: Long sword        |       |       |     1 |       ||     1
       War axe           |       |       |    79 |     1 ||    80
       Bite              |       |       |     7 |    14 ||    21
       Punch             |       |       |     3 |       ||     3
       Glaive            |       |       |     1 |     1 ||     2
       Battleaxe         |       |       |       |    75 ||    75
       Spear             |       |       |       |    14 ||    14
       Falchion          |       |       |       |    11 ||    11
 Fire: Sling             |    78 |   152 |   236 |    10 ||   476
  Use: Scroll            |       |     7 |     2 |     2 ||    11
       Potion            |       |     2 |     5 |       ||     7
 Stab: Distracted        |       |       |     1 |       ||     1
Armor: Ring mail         |     8 |    12 |       |       ||    20
       Steam dragon scal |       |    21 |    29 |       ||    50
       Chain mail        |       |       |    31 |    56 ||    87
       Skin              |       |       |     4 |       ||     4
Dodge: Dodged            |    10 |    50 |    82 |    41 ||   183

Table legend: (Time is in decaauts)
 A = Elapsed time spent in this place.
 B = Non-inter-level travel time spent in this place.
 C = Inter-level travel time spent in this place.
 D = Time resting spent in this place.
 E = Time spent auto-exploring this place.
 F = Levels seen in this place.
 G = Mean time per level.
                   A        B        C        D        E       F      G
               +--------+--------+--------+--------+--------+-----+--------+
         Total |  10622 |  10452 |    170 |   1993 |   6757 |  11 |  965.6 |
       Dungeon |  10254 |  10084 |    170 |   1993 |   6577 |   9 | 1139.3 |
        Temple |    344 |    344 |      0 |      0 |    178 |   1 |  344.0 |
        Bailey |     23 |     23 |      0 |      0 |      2 |   1 |   23.0 |
               +--------+--------+--------+--------+--------+-----+--------+

Top non-repeatable levels by time:
     D:7: 1926 daAuts
     D:8: 1690 daAuts
     D:6: 1552 daAuts
     D:4: 1482 daAuts
     D:2: 981 daAuts
     D:3: 949 daAuts
     D:5: 843 daAuts
     D:1: 425 daAuts
     D:9: 401 daAuts
  Temple: 344 daAuts
  Bailey: 23 daAuts
